Atomiques vs Gangsters
Created - March 8, 2018 at 19:06
Goals
|
| Atomiques |
1 |
1 |
2 |
4 |
| Gangsters |
1 |
2 |
0 |
3 |
|
Shots
|
| Atomiques |
14 |
10 |
9 |
33 |
| Gangsters |
9 |
9 |
13 |
31 |
|
1st period
1. Atomiques , Kenndal McArdle 32 (Corey Tropp 24, Marc-André Cliche 31) at 13:16
2. Gangsters , Michael Sdao 2 (Tomas Hertl 25, Dave Dziurzynski 14) at 15:07 (PP)
Penalties :
Jonas Junland (STB) for Tripping (Minor) at 1:32, Mitch Callahan (STB) for Boarding (Minor) at 13:50, Mitch Callahan (STB) for Hooking (Minor) at 16:51
2nd period
3. Atomiques , Andrew Kozek 17 (Steve McCarthy 24, Andreas Engqvist 13) at 0:36
4. Gangsters , Richard Panik 21 (Magnus Paajarvi-Svensson 30, Gustav Nyquist 32) at 11:07
5. Gangsters , Gustav Nyquist 31 (Chris Bourque 51, Artem Anisimov 17) at 11:47
Penalties :
Corey Tropp (STB) for Diving (Minor) at 2:57, Dave Dziurzynski (Bro) for Tripping (Minor) at 14:41
3rd period
6. Atomiques , Kenndal McArdle 33 (Shayne Gostisbehere 31, Colby Cohen 12) at 9:30
7. Atomiques , Steve McCarthy 6 (Kenndal McArdle 25, Sergei Bobrovsky) at 12:46
Penalties :
Andrew Kozek (STB) for Interference (Minor) at 3:28, Mitch Callahan (STB) for Hooking (Minor) at 10:37, Michael Sdao (Bro) for Tripping (Minor) at 14:36, Corey Tropp (STB) for Tripping (Minor) at 19:48
Goalie Stats
Sergei Bobrovsky (STB), 28 saves from 31 shots - (0.903), W, 26-14-3, 60:00 minutes
Dustin Tokarski (Bro), 29 saves from 33 shots - (0.879), L, 22-14-2, 58:46 minutes
Players Stats for Atomiques
Player Name G A P +/- PIM S H SB GA TA FO MP PP MP PK MP
------------------------------------------------------------------------------------
Andreas Engqvist 0 1 1 1 0 3 0 0 0 0 4/8 14:15 0:00 2:39
Andrew Kozek 1 0 1 1 2 3 2 1 0 0 0/0 16:57 0:00 4:04
Bobby Farnham 0 0 0 -1 0 0 4 0 0 0 0/0 14:19 2:19 0:00
Brett Sutter 0 0 0 -1 0 4 0 0 1 0 3/8 16:07 2:19 0:32
Brock McGinn 0 0 0 1 0 1 0 0 0 0 0/0 6:49 0:00 0:00
Colby Cohen 0 1 1 1 0 1 0 2 0 3 0/0 19:36 1:56 4:34
Corey Tropp 0 1 1 1 4 0 1 0 1 0 1/1 14:56 1:39 0:00
Darren Kramer 0 0 0 1 0 0 0 0 0 0 1/2 6:49 0:00 0:00
Dwight King 0 0 0 -1 0 10 2 1 2 0 0/0 19:49 2:19 5:24
Eric Gustafsson 0 0 0 0 0 0 0 1 0 0 0/0 8:54 0:00 0:35
Eric Mestery 0 0 0 0 0 0 0 5 0 0 0/0 8:19 0:00 0:00
Fredrik Claesson 0 0 0 0 0 0 0 0 0 0 0/0 5:50 0:00 0:00
John Draeger 0 0 0 0 0 0 0 0 0 0 0/0 6:33 0:00 0:43
Jonas Junland 0 0 0 1 2 0 1 1 0 0 0/0 24:58 2:02 5:31
Joseph Cramarossa 0 0 0 0 0 0 0 0 0 0 0/0 0:14 0:00 0:00
Kenndal McArdle 2 1 3 1 0 4 1 1 0 1 6/12 20:41 1:39 6:06
Marc-André Cliche 0 1 1 1 0 2 2 0 0 1 11/25 18:10 1:39 3:39
Max McCormick 0 0 0 1 0 0 0 0 0 0 0/0 6:49 0:00 0:00
Mike Halmo 0 0 0 0 0 0 0 0 0 0 0/0 0:51 0:00 0:22
Mitch Callahan 0 0 0 1 6 1 2 0 0 0 0/1 11:43 0:00 0:00
Shayne Gostisbehere 0 1 1 1 0 1 1 0 1 0 0/0 19:36 1:56 4:34
Steve McCarthy 1 1 2 1 0 3 4 1 0 2 0/0 26:15 2:02 6:49
Players Stats for Gangsters
Player Name G A P +/- PIM S H SB GA TA FO MP PP MP PK MP
------------------------------------------------------------------------------------
Artem Anisimov 0 1 1 0 0 0 3 0 0 1 14/27 23:08 6:31 2:08
Brendan Woods 0 0 0 -1 0 2 2 1 0 1 0/0 9:10 0:00 0:00
Brett Ponich 0 0 0 -1 0 1 2 4 0 1 0/0 22:06 3:58 1:59
Chris Bourque 0 1 1 0 0 2 1 1 1 0 3/5 22:36 6:31 1:34
Dave Dziurzynski 0 1 1 -2 2 1 0 0 0 0 0/0 9:22 0:12 0:00
Derrick Pouliot 0 0 0 1 0 0 1 2 0 0 0/0 13:08 0:00 0:49
Devante Smith-Pelly 0 0 0 -2 0 4 1 0 0 0 0/0 10:21 0:00 1:08
Gustav Nyquist 1 1 2 0 0 9 2 0 1 1 2/5 23:08 6:31 2:08
Jonas Brodin 0 0 0 -1 0 1 1 1 1 0 0/0 21:32 3:58 1:39
Magnus Paajarvi-Svensson 0 1 1 1 0 1 2 1 2 0 0/0 16:42 4:40 0:16
Maxime Sauvé 0 0 0 1 0 2 1 0 0 1 5/11 16:48 4:39 0:29
Michael Sdao 1 0 1 -2 2 2 1 0 0 0 0/0 24:47 7:25 1:10
Morgan Ellis 0 0 0 -2 0 0 0 1 0 0 0/0 26:09 7:25 2:19
Richard Panik 1 0 1 1 0 2 2 2 0 0 0/0 16:27 4:40 0:00
Ryan Culkin 0 0 0 1 0 1 0 2 0 0 0/0 12:19 0:00 0:00
Seth Griffith 0 0 0 -1 0 2 0 0 0 0 2/3 9:10 0:00 0:00
Stefan Noesen 0 0 0 -1 0 0 0 0 0 0 0/0 9:22 0:12 0:00
Tomas Hertl 0 1 1 -2 0 1 0 0 2 0 5/6 9:44 0:13 0:13
3 Stars
1 - Kenndal McArdle (STB)
2 - Steve McCarthy (STB)
3 - Gustav Nyquist (Bro)
Power Play
Atomiques - 0 on 3 Attempt(s) - 0.00%
Gangsters - 1 on 7 Attempt(s) - 14.29%
Penalty Kill
Atomiques - 6 on 7 Attempt(s) - 85.71%
- Score 0 goal in Penalty Kill
Gangsters - 3 on 3 Attempt(s) - 100.00%
- Score 0 goal in Penalty Kill
Team Stat
Atomiques - Hits : 20 - Faceoff Wins : 26 - Blocked Shots : 13 - Penalty Minutes : 14
Gangsters - Hits : 19 - Faceoff Wins : 31 - Blocked Shots : 15 - Penalty Minutes : 4
Official
Referees : Peel Tim and LaRue Dennis
Linesman : Derek Amell and Brad Kovachik
Game Notes
17:01 of 2nd period - Penalty Shot by Michael Sdao for Gangsters - Stopped by Sergei Bobrovsky
Finance
Level 1 -- Attendance: 1573 (78.65%) -- Ticket Income $62,920
Level 2 -- Attendance: 769 (76.90%) -- Ticket Income $15,380
Total Attendance: 2342 (78.07%)
Total Ticket Income: $78,300
Other Income: $3,915
Total Income: $82,215
Atomiques
5 vs 5 Forward
Center Left Wing Right Wing Time % Phy DF OF
1 Marc-André Cliche Kenndal McArdle Corey Tropp 40 1 2 2
2 Brett Sutter Dwight King Bobby Farnham 30 1 2 2
3 Andreas Engqvist Andrew Kozek Mitch Callahan 20 1 2 2
4 Darren Kramer Brock McGinn Max McCormick 10 1 2 2
5 vs 5 Defense
Defense Defense Time % Phy DF OF
1 Steve McCarthy Jonas Junland 40 1 2 2
2 Shayne Gostisbehere Colby Cohen 30 1 2 2
3 Eric Mestery Eric Gustafsson 20 1 2 2
4 John Draeger Fredrik Claesson 10 1 2 2
PowerPlay Forward
Center Left Wing Right Wing Time % Phy DF OF
1 Marc-André Cliche Kenndal McArdle Corey Tropp 60 1 2 2
2 Brett Sutter Dwight King Bobby Farnham 40 1 2 2
PowerPlay Defense
Defense Defense Time % Phy DF OF
1 Steve McCarthy Jonas Junland 60 1 2 2
2 Shayne Gostisbehere Colby Cohen 40 1 2 2
Penalty Kill 4 Players Forward
Center Wing Time % Phy DF OF
1 Kenndal McArdle Dwight King 60 1 2 2
2 Marc-André Cliche Andrew Kozek 40 1 2 2
Penalty Kill 4 Players Defense
Defense Defense Time % Phy DF OF
1 Steve McCarthy Jonas Junland 60 1 2 2
2 Shayne Gostisbehere Colby Cohen 40 1 2 2
Penalty Kill - 3 Players Forward
Forward Time % Phy DF OF
1 Kenndal McArdle 60 1 2 2
2 Dwight King 40 1 2 2
Penalty Kill - 3 Players Defense
Defense Defense Time % Phy DF OF
1 Steve McCarthy Jonas Junland 60 1 2 2
2 Shayne Gostisbehere Colby Cohen 40 1 2 2
4 vs 4 Forward
Center Wing Time % Phy DF OF
1 Kenndal McArdle Dwight King 60 1 2 2
2 Marc-André Cliche Andrew Kozek 40 1 2 2
4 vs 4 Defense
Defense Defense Time % Phy DF OF
1 Steve McCarthy Jonas Junland 60 1 2 2
2 Shayne Gostisbehere Colby Cohen 40 1 2 2
Last Minutes Offensive
Center Left Wing Right Wing Defense Defense
Marc-André Cliche Kenndal McArdle Corey Tropp Steve McCarthy Jonas Junland
Last Minutes Defensive
Center Left Wing Right Wing Defense Defense
Marc-André Cliche Kenndal McArdle Corey Tropp Steve McCarthy Jonas Junland
Goaltenders
Starting : Sergei Bobrovsky
Backup : Jeremy Smith
Extra Forwards
Normal : Joseph Cramarossa, Mike Halmo, Andreas Engqvist - PP : Joseph Cramarossa, Mike Halmo - PK : Andreas Engqvist
Extra Defensemen
Normal : Eric Mestery, Eric Gustafsson, John Draeger - PP : Eric Mestery - PK : Eric Gustafsson, John Draeger
Penalty Shots
Kenndal McArdle, Dwight King, Marc-André Cliche, Andrew Kozek, Corey Tropp
Scratches
Kyle Wharton (Healthy), Tyler Brenner (Healthy), Anthony Nigro (Back Spasms Injury), Francois Tremblay (Healthy)
Gangsters
5 vs 5 Forward
Center Left Wing Right Wing Time % Phy DF OF
1 Artem Anisimov Chris Bourque Gustav Nyquist 40 1 2 2
2 Maxime Sauvé Magnus Paajarvi-Svensson Richard Panik 30 1 2 2
3 Tomas Hertl Dave Dziurzynski Devante Smith-Pelly 20 1 2 2
4 Seth Griffith Brendan Woods Stefan Noesen 10 1 2 2
5 vs 5 Defense
Defense Defense Time % Phy DF OF
1 Michael Sdao Morgan Ellis 40 1 2 2
2 Brett Ponich Jonas Brodin 30 1 2 2
3 Ryan Culkin Derrick Pouliot 20 1 2 2
4 Michael Sdao Morgan Ellis 10 1 2 2
PowerPlay Forward
Center Left Wing Right Wing Time % Phy DF OF
1 Artem Anisimov Chris Bourque Gustav Nyquist 60 1 2 2
2 Maxime Sauvé Magnus Paajarvi-Svensson Richard Panik 40 1 2 2
PowerPlay Defense
Defense Defense Time % Phy DF OF
1 Michael Sdao Morgan Ellis 60 1 2 2
2 Brett Ponich Jonas Brodin 40 1 2 2
Penalty Kill 4 Players Forward
Center Wing Time % Phy DF OF
1 Gustav Nyquist Artem Anisimov 60 1 2 2
2 Chris Bourque Maxime Sauvé 40 1 2 2
Penalty Kill 4 Players Defense
Defense Defense Time % Phy DF OF
1 Michael Sdao Morgan Ellis 60 1 2 2
2 Brett Ponich Jonas Brodin 40 1 2 2
Penalty Kill - 3 Players Forward
Forward Time % Phy DF OF
1 Gustav Nyquist 60 1 2 2
2 Artem Anisimov 40 1 2 2
Penalty Kill - 3 Players Defense
Defense Defense Time % Phy DF OF
1 Michael Sdao Morgan Ellis 60 1 2 2
2 Brett Ponich Jonas Brodin 40 1 2 2
4 vs 4 Forward
Center Wing Time % Phy DF OF
1 Gustav Nyquist Artem Anisimov 60 1 2 2
2 Chris Bourque Maxime Sauvé 40 1 2 2
4 vs 4 Defense
Defense Defense Time % Phy DF OF
1 Michael Sdao Morgan Ellis 60 1 2 2
2 Brett Ponich Jonas Brodin 40 1 2 2
Last Minutes Offensive
Center Left Wing Right Wing Defense Defense
Artem Anisimov Chris Bourque Gustav Nyquist Michael Sdao Morgan Ellis
Last Minutes Defensive
Center Left Wing Right Wing Defense Defense
Artem Anisimov Chris Bourque Gustav Nyquist Michael Sdao Morgan Ellis
Goaltenders
Starting : Dustin Tokarski
Backup : Mike Condon
Extra Forwards
Normal : Tomas Hertl, Dave Dziurzynski, Devante Smith-Pelly - PP : Tomas Hertl, Dave Dziurzynski - PK : Devante Smith-Pelly
Extra Defensemen
Normal : Ryan Culkin, Derrick Pouliot, Brett Ponich - PP : Ryan Culkin - PK : Derrick Pouliot, Brett Ponich
Penalty Shots
Gustav Nyquist, Artem Anisimov, Chris Bourque, Maxime Sauvé, Richard Panik
Scratches
Kevin Roy (Healthy), Phillip Danault (Healthy), Patrik Nemeth (Healthy), Austen Brassard (Healthy), Sebastian Collberg (Healthy)
Jordan Binnington (Healthy)
% Time on Ice - Atomiques
Lines # - Real PCT - Wanted PCT - Time Play
Normal Forward
1 - 32% - 40% - 14:12
2 - 27% - 30% - 12:02
3 - 25% - 20% - 10:53
4 - 16% - 10% - 6:49
Normal Defense
1 - 38% - 40% - 16:41
2 - 30% - 30% - 13:06
3 - 19% - 20% - 8:19
4 - 13% - 10% - 5:50
PP Forward
1 - 42% - 60% - 1:39
2 - 58% - 40% - 2:19
PP Defense
1 - 51% - 60% - 2:02
2 - 49% - 40% - 1:56
PK Forward
1 - 68% - 60% - 7:44
2 - 32% - 40% - 3:39
PK Defense
1 - 60% - 60% - 6:49
2 - 40% - 40% - 4:34
PK3 Forward
1 - 0% - 60%
2 - 0% - 40%
PK3 Defense
1 - 0% - 60%
2 - 0% - 40%
44 Forward
1 - 0% - 60%
2 - 0% - 40%
44 Defense
1 - 0% - 60%
2 - 0% - 40%
Last Minute Offensive - 0:00
Last Minute Defensive - 0:43
Total
Forward - 60:00
Defense - 60:00
|
% Time on Ice - Gangsters
Lines # - Real PCT - Wanted PCT - Time Play
Normal Forward
1 - 31% - 40% - 13:49
2 - 27% - 30% - 11:47
3 - 21% - 20% - 9:11
4 - 21% - 10% - 9:10
Normal Defense
1 - 34% - 40% - 15:07
2 - 36% - 30% - 15:55
3 - 28% - 20% - 12:19
4 - 1% - 10% - 0:36
PP Forward
1 - 57% - 60% - 6:31
2 - 43% - 40% - 4:52
PP Defense
1 - 65% - 60% - 7:25
2 - 35% - 40% - 3:58
PK Forward
1 - 88% - 60% - 3:29
2 - 12% - 40% - 0:29
PK Defense
1 - 58% - 60% - 2:19
2 - 42% - 40% - 1:39
PK3 Forward
1 - 0% - 60%
2 - 0% - 40%
PK3 Defense
1 - 0% - 60%
2 - 0% - 40%
44 Forward
1 - 0% - 60%
2 - 0% - 40%
44 Defense
1 - 0% - 60%
2 - 0% - 40%
Last Minute Offensive - 0:42
Last Minute Defensive - 0:00
Total
Forward - 60:00
Defense - 60:00
|
Play by Play
1st period
0:01 of 1st period - Marc-André Cliche wins face-off versus Artem Anisimov in neutral zone.
0:11 of 1st period - Icing by Morgan Ellis.
0:12 of 1st period - Brett Sutter wins face-off versus Artem Anisimov in Gangsters zone.
0:45 of 1st period - Slapshot by Shayne Gostisbehere.
0:45 of 1st period - Shot Blocked by Morgan Ellis.
0:47 of 1st period - Slapshot by Andreas Engqvist.
0:47 of 1st period - Shot Misses the Net.
0:49 of 1st period - Snap shot by Shayne Gostisbehere.
0:49 of 1st period - Shot Misses the Net.
1:09 of 1st period - Snap shot by Tomas Hertl.
1:09 of 1st period - Shot Misses the Net.
1:29 of 1st period - Backhand shot by Jonas Brodin.
1:29 of 1st period - Deflect By Stefan Noesen.
1:29 of 1st period - Shot Hit the Post.
1:29 of 1st period - Puck is out of play.
1:30 of 1st period - Brett Sutter wins face-off versus Maxime Sauvé in Atomiques zone.
1:32 of 1st period - Minor Penalty to Jonas Junland for Tripping.
1:33 of 1st period - Artem Anisimov wins face-off versus Kenndal McArdle in Atomiques zone.
1:59 of 1st period - Magnus Paajarvi-Svensson is hit by Steve McCarthy and loses puck.
3:32 of 1st period - Penalty to Jonas Junland is over, Jonas Junland is back on ice.
4:05 of 1st period - Snap shot by Devante Smith-Pelly.
4:05 of 1st period - Shot Misses the Net.
4:07 of 1st period - Slapshot by Devante Smith-Pelly.
4:07 of 1st period - Shot Blocked by Eric Mestery.
5:03 of 1st period - Devante Smith-Pelly is hit by Andrew Kozek and loses puck.
5:31 of 1st period - Maxime Sauvé is hit by Dwight King and loses puck.
5:42 of 1st period - Fredrik Claesson is hit by Artem Anisimov and loses puck.
6:51 of 1st period - Jonas Junland is hit by Magnus Paajarvi-Svensson and loses puck.
6:55 of 1st period - Icing by Jonas Junland.
6:56 of 1st period - Darren Kramer wins face-off versus Maxime Sauvé in Atomiques zone.
7:18 of 1st period - Snap shot by Chris Bourque.
7:18 of 1st period - Shot Misses the Net.
7:22 of 1st period - Wrist shot by Chris Bourque.
7:22 of 1st period - Stopped by Sergei Bobrovsky with a rebound.
7:24 of 1st period - Snap shot by Chris Bourque.
7:24 of 1st period - Shot Blocked by Colby Cohen.
7:26 of 1st period - Wrist shot by Gustav Nyquist.
7:26 of 1st period - Shot Misses the Net.
7:38 of 1st period - Wrist shot by Marc-André Cliche.
7:38 of 1st period - Shot Misses the Net.
8:07 of 1st period - Off-side.
8:08 of 1st period - Maxime Sauvé wins face-off versus Marc-André Cliche in neutral zone.
8:42 of 1st period - Wrist shot by Brett Sutter.
8:42 of 1st period - Stopped by Dustin Tokarski with a rebound.
8:56 of 1st period - Snap shot by Tomas Hertl.
8:56 of 1st period - Shot Blocked by Eric Mestery.
8:58 of 1st period - Snap shot by Tomas Hertl.
8:58 of 1st period - Shot Blocked by Eric Mestery.
9:00 of 1st period - Snap shot by Devante Smith-Pelly.
9:00 of 1st period - Deflect By Dave Dziurzynski.
9:00 of 1st period - Stopped by Sergei Bobrovsky without a rebound.
9:01 of 1st period - Andreas Engqvist wins face-off versus Maxime Sauvé in Atomiques zone.
9:26 of 1st period - Artem Anisimov is hit by Steve McCarthy and loses puck.
9:47 of 1st period - Snap shot by Dwight King.
9:47 of 1st period - Shot Hit the Post.
9:49 of 1st period - Wrist shot by Shayne Gostisbehere.
9:49 of 1st period - Stopped by Dustin Tokarski without a rebound.
9:50 of 1st period - Artem Anisimov wins face-off versus Brett Sutter in Gangsters zone.
9:50 of 1st period - Artem Anisimov is hit by Bobby Farnham.
10:14 of 1st period - Wrist shot by Dwight King.
10:14 of 1st period - Shot Misses the Net.
10:16 of 1st period - Wrist shot by Dwight King.
10:16 of 1st period - Shot Blocked by Richard Panik.
10:18 of 1st period - Slapshot by Steve McCarthy.
10:18 of 1st period - Stopped by Dustin Tokarski with a rebound.
10:20 of 1st period - Slapshot by Jonas Junland.
10:20 of 1st period - Shot Blocked by Brett Ponich.
10:22 of 1st period - Wrist shot by Dwight King.
10:22 of 1st period - Shot Misses the Net.
10:28 of 1st period - Wrist shot by Brett Sutter.
10:28 of 1st period - Shot Misses the Net.
10:30 of 1st period - Snap shot by Dwight King.
10:30 of 1st period - Stopped by Dustin Tokarski with a rebound.
10:32 of 1st period - Slapshot by Dwight King.
10:32 of 1st period - Stopped by Dustin Tokarski with a rebound.
10:38 of 1st period - Wrist shot by Dwight King.
10:38 of 1st period - Shot Blocked by Brett Ponich.
11:06 of 1st period - Wrist shot by Richard Panik.
11:06 of 1st period - Shot Blocked by Colby Cohen.
11:40 of 1st period - Snap shot by Dwight King.
11:40 of 1st period - Stopped by Dustin Tokarski with a rebound.
11:46 of 1st period - Wrist shot by Dwight King.
11:46 of 1st period - Shot Misses the Net.
11:48 of 1st period - Snap shot by Dwight King.
11:48 of 1st period - Stopped by Dustin Tokarski with a rebound.
11:50 of 1st period - Slapshot by Dwight King.
11:50 of 1st period - Shot Misses the Net.
11:52 of 1st period - Slapshot by Shayne Gostisbehere.
11:52 of 1st period - Shot Blocked by Richard Panik.
11:54 of 1st period - Wrist shot by Brett Sutter.
11:54 of 1st period - Shot Misses the Net.
12:44 of 1st period - Slapshot by Dwight King.
12:44 of 1st period - Stopped by Dustin Tokarski with a rebound.
12:52 of 1st period - Backhand shot by Dwight King.
12:52 of 1st period - Stopped by Dustin Tokarski with a rebound.
12:54 of 1st period - Snap shot by Colby Cohen.
12:54 of 1st period - Stopped by Dustin Tokarski with a rebound.
12:56 of 1st period - Snap shot by Dwight King.
12:56 of 1st period - Stopped by Dustin Tokarski with a rebound.
12:58 of 1st period - Slapshot by Shayne Gostisbehere.
12:58 of 1st period - Shot Misses the Net.
13:00 of 1st period - Slapshot by Dwight King.
13:00 of 1st period - Shot Misses the Net.
13:02 of 1st period - Slapshot by Dwight King.
13:02 of 1st period - Shot Misses the Net.
13:06 of 1st period - Snap shot by Dwight King.
13:06 of 1st period - Deflect By Brett Sutter.
13:06 of 1st period - Shot Misses the Net.
13:06 of 1st period - Puck is out of play.
13:07 of 1st period - Marc-André Cliche wins face-off versus Artem Anisimov in Gangsters zone.
13:12 of 1st period - Snap shot by Corey Tropp.
13:12 of 1st period - Shot Misses the Net.
13:14 of 1st period - Snap shot by Kenndal McArdle.
13:14 of 1st period - Stopped by Dustin Tokarski with a rebound.
13:16 of 1st period - Snap shot by Kenndal McArdle.
13:16 of 1st period - Goal by Kenndal McArdle - Atomiques : 1 - Gangsters : 0.
13:17 of 1st period - Corey Tropp wins face-off versus Artem Anisimov in neutral zone.
13:43 of 1st period - Jonas Junland is hit by Michael Sdao.
13:50 of 1st period - Minor Penalty to Mitch Callahan for Boarding.
13:51 of 1st period - Marc-André Cliche wins face-off versus Artem Anisimov in Atomiques zone.
13:58 of 1st period - Icing by Gustav Nyquist.
13:59 of 1st period - Chris Bourque wins face-off versus Marc-André Cliche in Gangsters zone.
13:59 of 1st period - Chris Bourque is hit by Jonas Junland.
14:23 of 1st period - Snap shot by Gustav Nyquist.
14:23 of 1st period - Stopped by Sergei Bobrovsky without a rebound.
14:24 of 1st period - Artem Anisimov wins face-off versus Marc-André Cliche in Atomiques zone.
15:05 of 1st period - Snap shot by Tomas Hertl.
15:05 of 1st period - Shot Blocked by Andrew Kozek.
15:07 of 1st period - Backhand shot by Michael Sdao.
15:07 of 1st period - Goal by Michael Sdao - Atomiques : 1 - Gangsters : 1.
15:08 of 1st period - Tomas Hertl wins face-off versus Marc-André Cliche in neutral zone.
15:17 of 1st period - Snap shot by Tomas Hertl.
15:17 of 1st period - Stopped by Sergei Bobrovsky with a rebound.
15:35 of 1st period - Andrew Kozek is hit by Gustav Nyquist and loses puck.
15:56 of 1st period - Wrist shot by Brendan Woods.
15:56 of 1st period - Stopped by Sergei Bobrovsky with a rebound.
15:58 of 1st period - Wrist shot by Seth Griffith.
15:58 of 1st period - Shot Blocked by Eric Gustafsson.
16:00 of 1st period - Slapshot by Ryan Culkin.
16:00 of 1st period - Stopped by Sergei Bobrovsky without a rebound.
16:01 of 1st period - Marc-André Cliche wins face-off versus Seth Griffith in Atomiques zone.
16:23 of 1st period - Snap shot by Stefan Noesen.
16:23 of 1st period - Shot Blocked by Eric Mestery.
16:29 of 1st period - Snap shot by Seth Griffith.
16:29 of 1st period - Stopped by Sergei Bobrovsky without a rebound.
16:30 of 1st period - Artem Anisimov wins face-off versus Mitch Callahan in Atomiques zone.
16:39 of 1st period - Slapshot by Artem Anisimov.
16:39 of 1st period - Shot Misses the Net.
16:51 of 1st period - Minor Penalty to Mitch Callahan for Hooking.
16:52 of 1st period - Kenndal McArdle wins face-off versus Artem Anisimov in Atomiques zone.
17:27 of 1st period - Steve McCarthy is hit by Richard Panik and loses puck.
17:38 of 1st period - Wrist shot by Gustav Nyquist.
17:38 of 1st period - Stopped by Sergei Bobrovsky with a rebound.
18:51 of 1st period - Penalty to Mitch Callahan is over, Mitch Callahan is back on ice.
19:30 of 1st period - Brett Sutter is hit by Brendan Woods and loses puck.
19:47 of 1st period - Snap shot by Brock McGinn.
19:47 of 1st period - Stopped by Dustin Tokarski without a rebound.
19:48 of 1st period - Maxime Sauvé wins face-off versus Darren Kramer in Gangsters zone.
Goals for this period are 1 for Atomiques vs 1 for Gangsters.
Shots for this period are 14 for Atomiques vs 9 for Gangsters.
2nd period
0:01 of 2nd period - Marc-André Cliche wins face-off versus Chris Bourque in neutral zone.
0:32 of 2nd period - Snap shot by Andrew Kozek.
0:32 of 2nd period - Stopped by Dustin Tokarski with a rebound.
0:34 of 2nd period - Slapshot by Steve McCarthy.
0:34 of 2nd period - Shot Misses the Net.
0:36 of 2nd period - Snap shot by Andrew Kozek.
0:36 of 2nd period - Goal by Andrew Kozek - Atomiques : 2 - Gangsters : 1.
0:37 of 2nd period - Chris Bourque wins face-off versus Marc-André Cliche in neutral zone.
1:32 of 2nd period - Wrist shot by Brett Sutter.
1:32 of 2nd period - Stopped by Dustin Tokarski with a rebound.
1:34 of 2nd period - Snap shot by Dwight King.
1:34 of 2nd period - Stopped by Dustin Tokarski with a rebound.
1:55 of 2nd period - John Draeger is hit by Derrick Pouliot and loses puck.
2:30 of 2nd period - Morgan Ellis is hit by Andrew Kozek and loses puck.
2:51 of 2nd period - Wrist shot by Gustav Nyquist.
2:51 of 2nd period - Shot Misses the Net.
2:53 of 2nd period - Snap shot by Gustav Nyquist.
2:53 of 2nd period - Stopped by Sergei Bobrovsky without a rebound.
2:54 of 2nd period - Marc-André Cliche wins face-off versus Artem Anisimov in Atomiques zone.
2:54 of 2nd period - Marc-André Cliche is hit by Artem Anisimov.
2:57 of 2nd period - Minor Penalty to Corey Tropp for Diving.
2:58 of 2nd period - Artem Anisimov wins face-off versus Kenndal McArdle in Atomiques zone.
3:00 of 2nd period - Backhand shot by Gustav Nyquist.
3:00 of 2nd period - Stopped by Sergei Bobrovsky with a rebound.
3:02 of 2nd period - Slapshot by Morgan Ellis.
3:02 of 2nd period - Shot Misses the Net.
3:04 of 2nd period - Slapshot by Michael Sdao.
3:04 of 2nd period - Stopped by Sergei Bobrovsky without a rebound.
3:05 of 2nd period - Artem Anisimov wins face-off versus Kenndal McArdle in Atomiques zone.
3:18 of 2nd period - Wrist shot by Gustav Nyquist.
3:18 of 2nd period - Stopped by Sergei Bobrovsky with a rebound.
3:20 of 2nd period - Slapshot by Gustav Nyquist.
3:20 of 2nd period - Shot Misses the Net.
4:57 of 2nd period - Penalty to Corey Tropp is over, Corey Tropp is back on ice.
5:05 of 2nd period - Snap shot by Brendan Woods.
5:05 of 2nd period - Stopped by Sergei Bobrovsky with a rebound.
5:07 of 2nd period - Wrist shot by Stefan Noesen.
5:07 of 2nd period - Shot Misses the Net.
5:13 of 2nd period - Wrist shot by Stefan Noesen.
5:13 of 2nd period - Shot Misses the Net.
6:37 of 2nd period - Michael Sdao is hit by Steve McCarthy.
7:59 of 2nd period - Brett Sutter is hit by Brett Ponich and loses puck.
10:54 of 2nd period - Gustav Nyquist is hit by Kenndal McArdle and loses puck.
11:05 of 2nd period - Snap shot by Gustav Nyquist.
11:05 of 2nd period - Shot Misses the Net.
11:07 of 2nd period - Snap shot by Magnus Paajarvi-Svensson.
11:07 of 2nd period - Deflect By Richard Panik.
11:07 of 2nd period - Goal by Richard Panik - Atomiques : 2 - Gangsters : 2.
11:08 of 2nd period - Marc-André Cliche wins face-off versus Artem Anisimov in neutral zone.
11:17 of 2nd period - Backhand shot by Gustav Nyquist.
11:17 of 2nd period - Stopped by Sergei Bobrovsky without a rebound.
11:18 of 2nd period - Artem Anisimov wins face-off versus Marc-André Cliche in Atomiques zone.
11:47 of 2nd period - Snap shot by Gustav Nyquist.
11:47 of 2nd period - Goal by Gustav Nyquist - Atomiques : 2 - Gangsters : 3.
11:48 of 2nd period - Artem Anisimov wins face-off versus Marc-André Cliche in neutral zone.
12:42 of 2nd period - Slapshot by Shayne Gostisbehere.
12:42 of 2nd period - Shot Blocked by Brett Ponich.
13:22 of 2nd period - Slapshot by Kenndal McArdle.
13:22 of 2nd period - Shot Misses the Net.
13:24 of 2nd period - Snap shot by Marc-André Cliche.
13:24 of 2nd period - Stopped by Dustin Tokarski without a rebound.
13:25 of 2nd period - Kenndal McArdle wins face-off versus Maxime Sauvé in Gangsters zone.
13:36 of 2nd period - Snap shot by Magnus Paajarvi-Svensson.
13:36 of 2nd period - Stopped by Sergei Bobrovsky with a rebound.
13:42 of 2nd period - Kenndal McArdle is hit by Richard Panik and loses puck.
13:49 of 2nd period - Richard Panik is hit by Marc-André Cliche and loses puck.
14:04 of 2nd period - Wrist shot by Magnus Paajarvi-Svensson.
14:04 of 2nd period - Deflect By Kenndal McArdle.
14:04 of 2nd period - Shot Misses the Net.
14:04 of 2nd period - Puck is out of play.
14:05 of 2nd period - Artem Anisimov wins face-off versus Brett Sutter in Atomiques zone.
14:33 of 2nd period - Brett Ponich is hit by Mitch Callahan and loses puck.
14:41 of 2nd period - Minor Penalty to Dave Dziurzynski for Tripping.
14:42 of 2nd period - Gustav Nyquist wins face-off versus Kenndal McArdle in Gangsters zone.
14:50 of 2nd period - Morgan Ellis is hit by Marc-André Cliche and loses puck.
15:17 of 2nd period - Wrist shot by Steve McCarthy.
15:17 of 2nd period - Stopped by Dustin Tokarski without a rebound.
15:18 of 2nd period - Brett Sutter wins face-off versus Gustav Nyquist in Gangsters zone.
15:35 of 2nd period - Chris Bourque is hit by Bobby Farnham and loses puck.
15:48 of 2nd period - Artem Anisimov is hit by Shayne Gostisbehere and loses puck.
16:07 of 2nd period - Slapshot by Dwight King.
16:07 of 2nd period - Stopped by Dustin Tokarski with a rebound.
16:41 of 2nd period - Penalty to Dave Dziurzynski is over, Dave Dziurzynski is back on ice.
16:56 of 2nd period - Wrist shot by Andreas Engqvist.
16:56 of 2nd period - Stopped by Dustin Tokarski without a rebound.
16:57 of 2nd period - Marc-André Cliche wins face-off versus Maxime Sauvé in Gangsters zone.
17:01 of 2nd period - Penalty Shot by Michael Sdao for Gangsters.
17:01 of 2nd period - Wrist shot by Michael Sdao.
17:01 of 2nd period - Stopped by Sergei Bobrovsky.
17:02 of 2nd period - Maxime Sauvé wins face-off versus Marc-André Cliche in Gangsters zone.
17:06 of 2nd period - Snap shot by Kenndal McArdle.
17:06 of 2nd period - Shot Misses the Net.
17:10 of 2nd period - Snap shot by Corey Tropp.
17:10 of 2nd period - Shot Misses the Net.
18:07 of 2nd period - Snap shot by Dwight King.
18:07 of 2nd period - Stopped by Dustin Tokarski without a rebound.
18:08 of 2nd period - Seth Griffith wins face-off versus Brett Sutter in Gangsters zone.
18:27 of 2nd period - Brendan Woods is hit by Bobby Farnham and loses puck.
18:32 of 2nd period - Snap shot by Brett Sutter.
18:32 of 2nd period - Shot Blocked by Brendan Woods.
18:46 of 2nd period - Dwight King is hit by Brendan Woods and loses puck.
18:55 of 2nd period - Brendan Woods is hit by Dwight King and loses puck.
19:34 of 2nd period - Snap shot by Dwight King.
19:34 of 2nd period - Shot Misses the Net.
19:40 of 2nd period - Wrist shot by Dwight King.
19:40 of 2nd period - Shot Blocked by Jonas Brodin.
19:56 of 2nd period - Wrist shot by Brett Sutter.
19:56 of 2nd period - Stopped by Dustin Tokarski with a rebound.
Goals for this period are 1 for Atomiques vs 2 for Gangsters.
Shots for this period are 10 for Atomiques vs 9 for Gangsters.
3rd period
0:01 of 3rd period - Marc-André Cliche wins face-off versus Artem Anisimov in neutral zone.
0:26 of 3rd period - Magnus Paajarvi-Svensson is hit by Mitch Callahan and loses puck.
0:45 of 3rd period - Snap shot by Stefan Noesen.
0:45 of 3rd period - Shot Blocked by Jonas Junland.
0:47 of 3rd period - Snap shot by Seth Griffith.
0:47 of 3rd period - Stopped by Sergei Bobrovsky without a rebound.
0:48 of 3rd period - Seth Griffith wins face-off versus Brett Sutter in Atomiques zone.
1:01 of 3rd period - Slapshot by Seth Griffith.
1:01 of 3rd period - Deflect By Stefan Noesen.
1:01 of 3rd period - Shot Misses the Net.
1:01 of 3rd period - Puck is out of play.
1:02 of 3rd period - Artem Anisimov wins face-off versus Marc-André Cliche in Atomiques zone.
1:29 of 3rd period - Shayne Gostisbehere is hit by Magnus Paajarvi-Svensson and loses puck.
1:38 of 3rd period - Snap shot by Richard Panik.
1:38 of 3rd period - Stopped by Sergei Bobrovsky with a rebound.
1:48 of 3rd period - Snap shot by Seth Griffith.
1:48 of 3rd period - Shot Blocked by Steve McCarthy.
2:13 of 3rd period - Slapshot by Steve McCarthy.
2:13 of 3rd period - Shot Misses the Net.
2:15 of 3rd period - Slapshot by Jonas Junland.
2:15 of 3rd period - Shot Blocked by Brett Ponich.
2:21 of 3rd period - Snap shot by Corey Tropp.
2:21 of 3rd period - Shot Misses the Net.
2:53 of 3rd period - Slapshot by Artem Anisimov.
2:53 of 3rd period - Shot Blocked by Eric Mestery.
2:59 of 3rd period - Snap shot by Andreas Engqvist.
2:59 of 3rd period - Stopped by Dustin Tokarski without a rebound.
3:00 of 3rd period - Marc-André Cliche wins face-off versus Artem Anisimov in Gangsters zone.
3:28 of 3rd period - Minor Penalty to Andrew Kozek for Interference.
3:29 of 3rd period - Chris Bourque wins face-off versus Kenndal McArdle in Atomiques zone.
5:28 of 3rd period - Penalty to Andrew Kozek is over, Andrew Kozek is back on ice.
6:02 of 3rd period - Slapshot by Steve McCarthy.
6:02 of 3rd period - Shot Blocked by Ryan Culkin.
6:23 of 3rd period - Wrist shot by Kenndal McArdle.
6:23 of 3rd period - Stopped by Dustin Tokarski with a rebound.
6:51 of 3rd period - Slapshot by Shayne Gostisbehere.
6:51 of 3rd period - Shot Blocked by Derrick Pouliot.
7:05 of 3rd period - Wrist shot by Brett Sutter.
7:05 of 3rd period - Stopped by Dustin Tokarski with a rebound.
7:07 of 3rd period - Snap shot by Bobby Farnham.
7:07 of 3rd period - Shot Misses the Net.
7:33 of 3rd period - Wrist shot by Andrew Kozek.
7:33 of 3rd period - Shot Blocked by Magnus Paajarvi-Svensson.
8:09 of 3rd period - Dave Dziurzynski is hit by Bobby Farnham and loses puck.
8:43 of 3rd period - Marc-André Cliche is hit by Gustav Nyquist and loses puck.
9:30 of 3rd period - Snap shot by Kenndal McArdle.
9:30 of 3rd period - Goal by Kenndal McArdle - Atomiques : 3 - Gangsters : 3.
9:31 of 3rd period - Gustav Nyquist wins face-off versus Marc-André Cliche in neutral zone.
9:31 of 3rd period - Gustav Nyquist is hit by Steve McCarthy.
9:37 of 3rd period - Wrist shot by Gustav Nyquist.
9:37 of 3rd period - Stopped by Sergei Bobrovsky without a rebound.
9:38 of 3rd period - Artem Anisimov wins face-off versus Marc-André Cliche in Atomiques zone.
10:13 of 3rd period - Andreas Engqvist is hit by Artem Anisimov and loses puck.
10:28 of 3rd period - Snap shot by Chris Bourque.
10:28 of 3rd period - Stopped by Sergei Bobrovsky with a rebound.
10:30 of 3rd period - Snap shot by Chris Bourque.
10:30 of 3rd period - Shot Misses the Net.
10:32 of 3rd period - Slapshot by Brett Ponich.
10:32 of 3rd period - Stopped by Sergei Bobrovsky with a rebound.
10:37 of 3rd period - Minor Penalty to Mitch Callahan for Hooking.
10:38 of 3rd period - Maxime Sauvé wins face-off versus Kenndal McArdle in Atomiques zone.
10:40 of 3rd period - Wrist shot by Maxime Sauvé.
10:40 of 3rd period - Stopped by Sergei Bobrovsky with a rebound.
10:42 of 3rd period - Wrist shot by Maxime Sauvé.
10:42 of 3rd period - Deflect By Magnus Paajarvi-Svensson.
10:42 of 3rd period - Deflect By Shayne Gostisbehere.
10:42 of 3rd period - Shot Misses the Net.
10:42 of 3rd period - Puck is out of play.
10:43 of 3rd period - Kenndal McArdle wins face-off versus Maxime Sauvé in Atomiques zone.
11:09 of 3rd period - Kenndal McArdle is hit by Maxime Sauvé and loses puck.
11:16 of 3rd period - Wrist shot by Maxime Sauvé.
11:16 of 3rd period - Shot Blocked by Dwight King.
11:18 of 3rd period - Slapshot by Michael Sdao.
11:18 of 3rd period - Deflect By Maxime Sauvé.
11:18 of 3rd period - Shot Hit the Post.
11:18 of 3rd period - Puck is out of play.
11:19 of 3rd period - Kenndal McArdle wins face-off versus Artem Anisimov in Atomiques zone.
11:19 of 3rd period - Kenndal McArdle is hit by Jonas Brodin.
12:37 of 3rd period - Penalty to Mitch Callahan is over, Mitch Callahan is back on ice.
12:46 of 3rd period - Snap shot by Steve McCarthy.
12:46 of 3rd period - Goal by Steve McCarthy - Atomiques : 4 - Gangsters : 3.
12:47 of 3rd period - Andreas Engqvist wins face-off versus Artem Anisimov in neutral zone.
12:54 of 3rd period - Slapshot by Steve McCarthy.
12:54 of 3rd period - Deflect By Mitch Callahan.
12:54 of 3rd period - Stopped by Dustin Tokarski without a rebound.
12:55 of 3rd period - Artem Anisimov wins face-off versus Andreas Engqvist in Gangsters zone.
13:31 of 3rd period - Snap shot by Andreas Engqvist.
13:31 of 3rd period - Shot Blocked by Ryan Culkin.
13:33 of 3rd period - Wrist shot by Andrew Kozek.
13:33 of 3rd period - Stopped by Dustin Tokarski with a rebound.
13:35 of 3rd period - Slapshot by Andrew Kozek.
13:35 of 3rd period - Shot Blocked by Derrick Pouliot.
13:37 of 3rd period - Wrist shot by Andreas Engqvist.
13:37 of 3rd period - Shot Blocked by Chris Bourque.
13:39 of 3rd period - Wrist shot by Andrew Kozek.
13:39 of 3rd period - Shot Misses the Net.
14:12 of 3rd period - Icing by Derrick Pouliot.
14:13 of 3rd period - Marc-André Cliche wins face-off versus Chris Bourque in Gangsters zone.
14:14 of 3rd period - Snap shot by Kenndal McArdle.
14:14 of 3rd period - Deflect By Marc-André Cliche.
14:14 of 3rd period - Stopped by Dustin Tokarski without a rebound.
14:15 of 3rd period - Maxime Sauvé wins face-off versus Marc-André Cliche in Gangsters zone.
14:28 of 3rd period - Snap shot by Corey Tropp.
14:28 of 3rd period - Shot Misses the Net.
14:36 of 3rd period - Minor Penalty to Michael Sdao for Tripping.
14:37 of 3rd period - Kenndal McArdle wins face-off versus Gustav Nyquist in Gangsters zone.
15:40 of 3rd period - Gustav Nyquist is hit by Corey Tropp and loses puck.
15:52 of 3rd period - Off-side.
15:53 of 3rd period - Tomas Hertl wins face-off versus Brett Sutter in neutral zone.
16:18 of 3rd period - Steve McCarthy is hit by Devante Smith-Pelly and loses puck.
16:36 of 3rd period - Penalty to Michael Sdao is over, Michael Sdao is back on ice.
16:49 of 3rd period - Snap shot by Maxime Sauvé.
16:49 of 3rd period - Stopped by Sergei Bobrovsky without a rebound.
16:50 of 3rd period - Tomas Hertl wins face-off versus Andreas Engqvist in Atomiques zone.
16:51 of 3rd period - Snap shot by Devante Smith-Pelly.
16:51 of 3rd period - Stopped by Sergei Bobrovsky with a rebound.
18:22 of 3rd period - Wrist shot by Dave Dziurzynski.
18:22 of 3rd period - Shot Misses the Net.
18:24 of 3rd period - Slapshot by Jonas Brodin.
18:24 of 3rd period - Deflect By Shayne Gostisbehere.
18:24 of 3rd period - Stopped by Sergei Bobrovsky with a rebound.
18:26 of 3rd period - Slapshot by Jonas Brodin.
18:26 of 3rd period - Deflect By Devante Smith-Pelly.
18:26 of 3rd period - Stopped by Sergei Bobrovsky without a rebound.
18:27 of 3rd period - Andreas Engqvist wins face-off versus Artem Anisimov in Atomiques zone.
18:27 of 3rd period - Steve McCarthy is hit by Chris Bourque and loses puck.
18:33 of 3rd period - Jonas Junland is hit by Brett Ponich and loses puck.
18:38 of 3rd period - Wrist shot by Andreas Engqvist.
18:38 of 3rd period - Stopped by Dustin Tokarski without a rebound.
18:39 of 3rd period - Tomas Hertl wins face-off versus Andreas Engqvist in Gangsters zone.
18:44 of 3rd period - Wrist shot by Devante Smith-Pelly.
18:44 of 3rd period - Stopped by Sergei Bobrovsky without a rebound.
18:45 of 3rd period - Jack Capuano call a timeout for Gangsters.
18:45 of 3rd period - Tomas Hertl wins face-off versus Andreas Engqvist in Atomiques zone.
18:46 of 3rd period - Gangsters, Dustin Tokarski is pulled from the net.
18:46 of 3rd period - Snap shot by Devante Smith-Pelly.
18:46 of 3rd period - Stopped by Sergei Bobrovsky without a rebound.
18:47 of 3rd period - Andreas Engqvist wins face-off versus Tomas Hertl in Atomiques zone.
18:56 of 3rd period - Wrist shot by Andreas Engqvist.
18:56 of 3rd period - Shot Misses the Net.
19:38 of 3rd period - Wrist shot by Gustav Nyquist.
19:38 of 3rd period - Stopped by Sergei Bobrovsky without a rebound.
19:39 of 3rd period - Artem Anisimov wins face-off versus Marc-André Cliche in Atomiques zone.
19:44 of 3rd period - Snap shot by Gustav Nyquist.
19:44 of 3rd period - Deflect By Corey Tropp.
19:44 of 3rd period - Shot Blocked by Kenndal McArdle.
19:44 of 3rd period - Puck is out of play.
19:45 of 3rd period - Artem Anisimov wins face-off versus Marc-André Cliche in Atomiques zone.
19:46 of 3rd period - Snap shot by Chris Bourque.
19:46 of 3rd period - Shot Misses the Net.
19:48 of 3rd period - Minor Penalty to Corey Tropp for Tripping.
19:49 of 3rd period - Kenndal McArdle wins face-off versus Gustav Nyquist in Atomiques zone.
Goals for this period are 2 for Atomiques vs 0 for Gangsters.
Shots for this period are 9 for Atomiques vs 13 for Gangsters.
Back to the Top